 Dungeon Crawl Stone Soup version 0.31-a0-1074-g0b22e4e0f1 (webtiles) character file.

Game seed: 12401873284387276140

29 lunkers the Insei (level 3, -3/28 HPs)
             Began as a Meteoran Shapeshifter on Nov 30, 2023.
             Slain by a cerulean imp
             ... wielding a +2 spear
             ... summoned by Natasha
              (4 damage)
             ... on level 2 of the Dungeon on Dec 1, 2023.
             The game lasted 00:02:07 (367 turns).

lunkers the Insei (Meteoran Shapeshifter)            Turns: 367, Time: 00:02:08

Health: -3/28      AC:  5    Str: 15    XL:     3   Next: 52%
Magic:  4/4        EV: 11    Int: 12    God:
Gold:   48         SH:  0    Dex: 15    Spells: 2/2 levels left

rFire   . .          .
                       - Unarmed
rCold   . . .        (no shield)
rNeg    . . .        l - +0 ring mail
rPois   .            (helmet currently unavailable)
rElec   .            (cloak currently unavailable)
rCorr   .            (gloves currently unavailable)
SInv    .            (boots currently unavailable)
Will    .....        (no amulet)
Stlth   +            (no ring)
HPRegen 0.24/turn    (no ring)
MPRegen 0.09/turn

%: no passive effects
@: beast-form, glowing
A: beast (slay +2), sense surroundings 1, otherworldly, glowing, explore regen
a: Begin Untransformation


You were on level 2 of the Dungeon.
You were a hulking beast.
You visited 1 branch of the dungeon, and saw 2 of its levels.

You collected 48 gold pieces.

Inventory:

Armour
 a - a +0 animal skin
 l - a +0 ring mail (worn)
Talismans
 c - a beast talisman
 d - a flux talisman
Scrolls
 e - a scroll of silence {unknown}
 f - a scroll of summoning {unknown}
 h - a scroll of teleportation {unknown}
 i - a scroll of acquirement {unknown}
 j - a scroll of identify {unknown}
 m - a scroll of blinking {unknown}
Potions
 b - a potion of lignification
 g - a potion of enlightenment {unknown}
 k - a potion of curing {unknown}


   Skills:
 - Level 1.1 Fighting
 - Level 2.1 Dodging
 * Level 4.6 Unarmed Combat
 + Level 4.1 Shapeshifting


You had 2 spell levels left.
You didn't know any spells.
Your spell library was empty.

Dungeon Overview and Level Annotations

Branches:
Dungeon (2/15) Zot: 832

Altars:

Annotations:
D:2 Natasha


Innate Abilities, Weirdness & Mutations

You are a hulking beast.
Your limbs bulge with bestial killing power. (Slay +2)
You passively map a small area around you.
You are easily found by Zot.
You glow in the dark.
You regain HP and MP as you explore.


Message History

* * * LOW HITPOINT WARNING * * *
The cerulean imp barely misses you.
You punch the cerulean imp!
You kill the cerulean imp!
The cerulean imp disappears in a puff of smoke!
The cerulean imp barely misses you.
Unknown command.
Natasha mumbles some strange words.
The cerulean imp hits you with a +0 spear.
* * * LOW HITPOINT WARNING * * *
You hit the cerulean imp.
You punch the cerulean imp, but do no damage.
The cerulean imp is moderately wounded.
The cerulean imp hits you but does no damage.
Unknown command.
You hit the cerulean imp.
The cerulean imp is heavily wounded.
The cerulean imp hits you with a +0 spear.
* * * LOW HITPOINT WARNING * * *
You hit the cerulean imp but do no damage.
The cerulean imp is heavily wounded.
The cerulean imp closely misses you.
Unknown command.
You closely miss the cerulean imp.
The cerulean imp is heavily wounded.
The cerulean imp disappears in a puff of smoke!
Unknown command.
You closely miss Natasha. Natasha claws you.
* * * LOW HITPOINT WARNING * * *
The cerulean imp barely misses you.
You punch Natasha!
Natasha is heavily wounded.
Natasha barely misses you.
The cerulean imp hits you but does no damage.
Unknown command.
You closely miss Natasha.
Natasha is heavily wounded.
Natasha claws you but does no damage.
The cerulean imp hits you from afar with a +2 spear.
You die...

,, * , ,,,...* * * , ..#
, * , ..# , #.# , #.# #5#
, #h# * * #h# * #.# # * *
.,, #)# # ...* #.# #
.....#.########## #
,...r.............#######
*
......#.###.............
, ...#.##.#
#(####........ .. #. #.#
#.# #########


You could see Natasha and a cerulean imp (summoned).

Vanquished Creatures
  2 worms (D:2)
  3 ball pythons (D:1)
  2 endoplasms (D:1)
  2 giant cockroaches (D:1)
  2 goblins
  2 hobgoblins (D:1)
  2 jackals (D:1)
  A quokka (D:1)
  A kobold (D:1)
  3 rats
20 creatures vanquished.

Notes
Turn   | Place    | Note
-------+----------+-------------------------------------------
     0 | D:1      | lunkers the Meteoran Shapeshifter began the quest for the
                  | Orb.
     0 | D:1      | Reached XP level 1. HP: 16/16 MP: 2/2
    68 | D:1      | Reached XP level 2. HP: 10/23 MP: 3/3
   229 | D:1      | Reached XP level 3. HP: 24/28 MP: 4/4
   347 | D:2      | Noticed Natasha
   365 | D:2      | HP: 1/28 [Natasha (2)]
   367 | D:2      | Slain by a cerulean imp

Illustrated notes

Levels and vault maps discovered:
D:1:      minmay_arrival_shoal_huts, layout_basic
D:2:      layout_loops_ring, basic_altar, kennysheep_donut, uniq_terence,
          uniq_sigmund, uniq_natasha

Skill      XL: |  1  2  3 |
---------------+----------+-----
Unarmed Combat | 4 |  4.6
Shapeshifting  | 4 |  4.1
Fighting       | |  1.1
Dodging        | |  2.1

Action                     || total
---------------------------++-------
  Melee: Unarmed           ||    72
         Punch             ||     1
 Armour: Animal skin       ||    17
         Ring mail         ||    21
  Dodge: Dodged            ||    42

Table legend: (Time is in decaauts)
 A = Elapsed time spent in this place.
 B = Non-inter-level travel time spent in this place.
 C = Inter-level travel time spent in this place.
 D = Time resting spent in this place.
 E = Time spent auto-exploring this place.
 F = Levels seen in this place.
 G = Mean time per level.
                   A        B        C        D        E       F      G
               +--------+--------+--------+--------+--------+-----+--------+
         Total |    367 |    367 |      0 |      0 |    182 |   2 |  183.5 |
       Dungeon |    367 |    367 |      0 |      0 |    182 |   2 |  183.5 |
               +--------+--------+--------+--------+--------+-----+--------+

Top non-repeatable levels by time:
     D:1: 299 daAuts
     D:2: 67 daAuts
